 Dungeon Crawl Stone Soup version 0.32-a0-310-gcdbe0f7 (webtiles) character file.

Game seed: 17291854838826427144

7016 alstnccchl the Cleaver (level 10, 0/139 HPs)
             Began as a Mountain Dwarf Fighter on Feb 14, 2024.
             Was a Priest of Beogh.
             Succumbed to Pellinorc's poison
             ... on level 9 of the Dungeon.
             The game lasted 00:31:14 (9779 turns).

alstnccchl the Cleaver (Mountain Dwarf Fighter)     Turns: 9779, Time: 00:31:14

Health: 0/139      AC: 20    Str: 21    XL:     10   Next: 82%
Magic:  10/10      EV:  9    Int: 11    God:    Beogh [***...]
Gold:   577        SH:  5    Dex:  9    Spells: 9/9 levels left

rFire   . . .        a - +0 war axe
rCold   . . .        c - +0 buckler
rNeg    . . .        b - +0 scale mail
rPois   .            v - +0 helmet
rElec   .            (no cloak)
rCorr   .            p - +0 pair of gloves
SInv    .            h - +0 pair of boots
Will    +....        (no amulet) Stlth
                     n - +4 ring of protection
HPRegen 0.43/turn    w - +4 ring of protection
MPRegen 0.12/turn

%: no passive effects
@: berserking (expiring), lethally poisoned (0 -> -13), very quick
A: runic magic, artefact enchanting
a: Renounce Religion, Smiting


You were on level 9 of the Dungeon.
You worshipped Beogh.
Beogh was most pleased with you.
You visited 1 branch of the dungeon, and saw 10 of its levels.

You collected 577 gold pieces.

Inventory:

Hand Weapons
 a - a +0 war axe (weapon)
Missiles
 z - 9 javelins
 E - 19 poisoned darts
 F - 21 stones
Armour
 b - a +0 scale mail (worn)
 c - a +0 buckler (worn)
 h - a +0 pair of boots (worn)
 p - a +0 pair of gloves (worn)
 v - a +0 helmet (worn)
 y - the +2 ring mail of Lucidity {-Tele rElec rF+++ MP+9}
   (You found it on level 6 of the Dungeon)

   rF+++:     It renders you almost immune to fire.
   rElec:     It insulates you from electricity.
   MP+9:      It affects your magic capacity (+9).
   -Tele:     It prevents most forms of teleportation.
Jewellery
 n - a +4 ring of protection (left hand)
 w - a +4 ring of protection (right hand)
 H - a ring of protection from cold
Wands
 m - a wand of polymorph (29)
 C - a wand of paralysis (29)
Scrolls
 f - 5 scrolls of teleportation {!r}
 g - 2 scrolls of amnesia {unknown}
 i - a scroll of noise
 k - 3 scrolls of blinking {unknown}
 l - 2 scrolls of poison {unknown}
 o - 3 scrolls of silence {unknown}
 r - 3 scrolls of identify
 s - 2 scrolls of fog {unknown}
 u - a scroll of summoning {unknown}
 A - a scroll of vulnerability {unknown}
 B - a scroll of immolation {unknown}
 G - a scroll of enchant armour {unknown}
 I - a scroll of revelation {unknown}
 J - a scroll of torment {unknown}
Potions
 d - a potion of might {!q}
 e - a potion of haste {!q}
 q - 6 potions of curing (quivered) {!q}
 t - a potion of berserk rage {!q}
 x - a potion of attraction {unknown}
 D - a potion of lignification {unknown}
 K - 2 potions of enlightenment {unknown}


   Skills:
 - Level 10.0 Fighting
 + Level 13.3 Axes
 + Level 8.6 Armour
 - Level 7.0 Shields


You had 9 spell levels left.
You didn't know any spells.
Your spell library contained the following spells:

 Spells                   Type           Power      Damage    Failure   Level
 Dazzling Flash           Conj/Hex       0%         N/A       83%         3
 Volatile Blastmotes      Fire/Tloc      0%         2d10      83%         3
 Starburst                Conj/Fire      0%         6d3       100%        6
 Maxwell's Capacitive Co  Air            0%         ∞         100%        8


Dungeon Overview and Level Annotations

Branches:
Dungeon (10/15)            Temple (0/1) D:5
   Lair: D:8-11         Orc: D:9-12

Altars:
Elyvilon
Qazlal
Wu Jian
Xom
Yredelemnul

Shops:
D:8 :   D:9 [

Annotations:
D:8 3 runed translucent doors, Tanach's ghost, novice MDFi


Innate Abilities, Weirdness & Mutations

Your facial features look somewhat orcish.
Your spellcasting is much less encumbered by armour.
You can use scrolls of enchantment on lesser artefacts.


Message History

* * * LOW HITPOINT WARNING * * *
You slice Pellinorc!!
Pellinorc is severely wounded.
You feel sick.
Pellinorc mumbles some strange prayers to Beogh against you.
Beogh smites you!
* * * LOW HITPOINT WARNING * * *
You miss Pellinorc.
Pellinorc is severely wounded.
You feel sick.
You barely miss Pellinorc.
Pellinorc is severely wounded.
Pellinorc invokes the aid of Beogh against you.
Beogh smites you!
* * * LOW HITPOINT WARNING * * *
You miss Pellinorc.
Pellinorc is severely wounded.
You feel sick.
You miss Pellinorc.
Pellinorc is severely wounded.
You feel sick. Pellinorc hits you but does no damage.
You are lethally poisoned!
You hit Pellinorc.
Pellinorc is severely wounded.
* * * LOW HITPOINT WARNING * * *
You feel sick. Pellinorc hits you but does no damage.
You hit Pellinorc.
Pellinorc is severely wounded.
* * * LOW HITPOINT WARNING * * *
You feel sick.
Unknown command.
Unknown command.
You completely miss Pellinorc.
Pellinorc is severely wounded.
* * * LOW HITPOINT WARNING * * *
You feel sick. Pellinorc hits you but does no damage.
You are more poisoned.
You completely miss Pellinorc.
Pellinorc is severely wounded.
You die...

#.# #.. ##.####### #..
#........# #.. #........#
#.. #........# #..
#........# ###########..
#........# ###.........'..
#.......>####...#########..
#.......))@o..### ###
#........###### ##########


You could see Pellinorc the orc apostle (divinely empowered).

Vanquished Creatures
  A two-headed ogre (D:8)
  Pikel (D:7)
  Jeremiah (D:8)
  A troll (D:6)
  Sigmund (D:2)
  A shadow (D:8)
  6 yaks (D:9)
  A wyvern (D:8)
  6 vampire mosquitoes
  Menkaure (D:5)
  An acid dragon (D:9)
  3 ice beasts (D:6)
  An orc warrior (D:9)
  3 black bears
  A sky beast (D:6)
  3 ogres
  2 centaurs
  A phantom (D:6)
  2 lemures
  2 kobold brigands
  6 scorpions
  A killer bee (D:5)
  7 howler monkeys
  4 bombardier beetles
  2 hounds
  5 orc priests
  3 sleepcaps
  2 gnoll boudas
  2 jellies
  Natasha (thrice) (D:2)
  4 iguanas
  6 orc wizards
  7 gnolls
  5 adders
  3 white imps
  An ufetubus (D:6)
  5 dart slugs
  2 ribbon worms
  11 orcs
  4 endoplasms
  2 giant cockroaches
  10 goblins
  4 hobgoblins
  7 jackals
  19 kobolds
  3 quokkas (D:1)
  8 ball pythons
  9 bats
  3 frilled lizards
  2 rats
189 creatures vanquished.

Vanquished Creatures (others)
  8 foxfires (D:9)
8 creatures vanquished.

Grand Total: 197 creatures vanquished

Notes
Turn   | Place    | Note
-------+----------+-------------------------------------------
     0 | D:1      | alstnccchl the Mountain Dwarf Fighter began the quest for
                  | the Orb.
     0 | D:1      | Reached XP level 1. HP: 19/19 MP: 1/1
   126 | D:1      | Reached XP level 2. HP: 20/27 MP: 2/2
   345 | D:1      | Reached skill level 3 in Axes
   389 | D:1      | Reached XP level 3. HP: 9/33 MP: 3/3
   926 | D:2      | Reached XP level 4. HP: 29/41 MP: 4/4
  1083 | D:2      | Found a white marble altar of Elyvilon.
  1104 | D:2      | Noticed Natasha
  1109 | D:2      | Killed Natasha
  1110 | D:2      | Reached skill level 5 in Fighting
  1110 | D:2      | Reached skill level 4 in Axes
  1602 | D:2      | Noticed Sigmund
  1619 | D:2      | Killed Sigmund
  1620 | D:2      | Reached skill level 6 in Axes
  1620 | D:2      | Reached XP level 5. HP: 24/48 MP: 5/5
  1620 | D:2      | Reached XP level 6. HP: 28/56 MP: 6/6
  1771 | D:2      | Noticed Natasha
  1780 | D:2      | Killed Natasha
  1878 | D:2      | Noticed Natasha
  1885 | D:2      | Killed Natasha
  1886 | D:2      | Reached skill level 7 in Axes
  2493 | D:3      | Became a worshipper of Beogh the Shepherd
  2494 | D:3      | Upgraded the game from 0.32-a0-306-gfed3edf to
                  | 0.32-a0-310-gcdbe0f7
  2809 | D:4      | Found a basalt altar of Yredelemnul.
  2809 | D:4      | Found a stormy altar of Qazlal.
  2809 | D:4      | Found a shimmering altar of Xom.
  3108 | D:4      | You fall into a shaft and drop 1 floor!
  3108 | D:5      | Entered Level 5 of the Dungeon
  3162 | D:5      | Found a staircase to the Ecumenical Temple.
  3263 | D:4      | Reached skill level 8 in Axes
  3288 | D:4      | Reached XP level 7. HP: 61/61 MP: 7/7
  3455 | D:4      | Reached skill level 9 in Axes
  3722 | D:4      | Reached * piety under Beogh
  3971 | D:5      | Reached skill level 10 in Axes
  4191 | D:5      | Reached XP level 8. HP: 66/68 MP: 8/8
  4221 | D:5      | Reached skill level 11 in Axes
  4236 | D:5      | Found the +11 Singing Sword {sonic wave}
  4435 | D:5      | Noticed Menkaure
  4439 | D:5      | Killed Menkaure
  4849 | D:6      | Noticed a troll
  4882 | D:6      | Reached skill level 12 in Axes
  5154 | D:6      | Identified the +2 ring mail of Lucidity {-Tele rElec rF+++
                  | MP+9}
  5188 | D:6      | Reached ** piety under Beogh
  5366 | D:6      | Reached XP level 9. HP: 70/75 MP: 9/9
  5518 | D:6      | Killed a troll
  5519 | D:6      | Reached skill level 5 in Armour
  5519 | D:6      | Reached skill level 5 in Shields
  5664 | D:6      | Found an ornate altar of the Wu Jian Council.
  6426 | D:7      | Identified the +4 orcbow of the Keeping Pill Bug {drain,
                  | ^Fragile Dex+4}
  6568 | D:7      | Noticed Pikel
  6626 | D:7      | Killed Pikel
  6854 | D:8      | Noticed Jeremiah
  7326 | D:8      | Noticed a two-headed ogre
  7343 | D:8      | Reached XP level 10. HP: 43/88 MP: 10/10
  7347 | D:8      | Killed a two-headed ogre
  7714 | D:8      | Identified the +1 long sword of Pestilence {drain, rPois}
  7744 | D:8      | Found Uhafoi Ogie's Book Emporium.
  7843 | D:8      | Found a runed translucent gate.
  7843 | D:8      | Found a runed translucent gate.
  7843 | D:8      | Found a runed translucent gate.
  7932 | D:8      | Killed Jeremiah
  7933 | D:8      | Reached skill level 10 in Fighting
  7993 | D:8      | Noticed Tanach's ghost (novice MDFi)
  8608 | D:9      | Reached *** piety under Beogh
  8625 | D:9      | Reached skill level 13 in Axes
  8750 | D:9      | Identified the +6 dagger "Sigo Inn" {vamp, rPois rF+ Str-2
                  | Dex+2}
  8750 | D:9      | Identified the +1 robe of the Maze {Str+3 Archmagi}
  8750 | D:9      | Noticed Orkrul
  8777 | D:9      | HP: 4/93 [Orkrul the orc apostle/zap (21)]
  9036 | D:9      | Found Sues's Antique Armour Emporium.
  9424 | D:10     | Entered Level 10 of the Dungeon
  9532 | D:10     | Noticed a two-headed ogre
  9757 | D:9      | Noticed Pellinorc
  9775 | D:9      | HP: 6/139 [poisoned by Pellinorc]
  9778 | D:9      | HP: 2/139 [poisoned by Pellinorc]
  9779 | D:9      | Succumbed to Pellinorc's poison

Illustrated notes

Levels and vault maps discovered:
D:1:      amcnicky_arrival_underground_garden, layout_rooms
D:2:      layout_basic, basic_altar, uniq_sigmund, uniq_natasha
D:3:      layout_basic
D:4:      layout_basic, chequers_temple_overflow_statue_of_worship
D:5:      old_forge, layout_basic, minmay_temple_entry_junction, uniq_menkaure
D:6:      hangedman_cross_stitches, layout_basic,
          mainiacjoe_overflow_six_doors_small, serial_glass, glass_columns_a,
          glass_columns_a
D:7:      layout_cave_pools, minmay_holes, ebering_dispersal_statue_hall,
          minmay_hedge_maze, solitary_fountain, uniq_pikel
D:8:      layout_cave_pools, gammafunk_ghost_nasty_kobolds, serial_shops, shop,
          corner_web_ring, uniq_jeremiah
D:9:      layout_roguey, serial_shops, shop
D:10:     layout_cross, uniq_lodul

Skill      XL: |  1  2  3  4  5  6  7  8  9 10 |
---------------+-------------------------------+-----
Axes           | 3 6 8 10 12 13 | 13.3
Fighting       | 4 5 6 8 10 | 10.0
Armour         | 4 7 8 |  8.6
Shields        | 4 7 |  7.0

Action                     |  1- 3 |  4- 6 |  7- 9 | 10-12 || total
---------------------------+-------+-------+-------+-------++-------
  Melee: War axe           |    87 |   120 |   356 |   172 ||   735
 Invoke: Convert to Beogh  |       |     1 |       |       ||     1
  Evoke: Wand              |       |       |       |     1 ||     1
    Use: Scroll            |       |       |     7 |       ||     7
         Potion            |       |       |     2 |     2 ||     4
   Stab: Held in net/web   |       |       |     2 |       ||     2
 Armour: Scale mail        |    74 |   105 |   331 |   152 ||   662
  Dodge: Dodged            |    51 |    52 |   195 |    51 ||   349
  Block: Buckler           |    22 |    18 |    89 |    30 ||   159

Table legend: (Time is in decaauts)
 A = Elapsed time spent in this place.
 B = Non-inter-level travel time spent in this place.
 C = Inter-level travel time spent in this place.
 D = Time resting spent in this place.
 E = Time spent auto-exploring this place.
 F = Levels seen in this place.
 G = Mean time per level.
                   A        B        C        D        E       F      G
               +--------+--------+--------+--------+--------+-----+--------+
         Total |   9818 |   9168 |    650 |   2151 |   5363 |  10 |  981.8 |
       Dungeon |   9818 |   9168 |    650 |   2151 |   5363 |  10 |  981.8 |
               +--------+--------+--------+--------+--------+-----+--------+

Top non-repeatable levels by time:
     D:7: 1434 daAuts
     D:9: 1391 daAuts
     D:5: 1214 daAuts
     D:6: 1127 daAuts
     D:2: 1126 daAuts
     D:4: 927 daAuts
     D:3: 871 daAuts
     D:1: 870 daAuts
     D:8: 710 daAuts
    D:10: 146 daAuts
